 Dungeon Crawl Stone Soup version 0.20-a0-187-ge5586d949a (webtiles) character file.

128 mopl the Sneak (level 4, -1/27 HPs)
             Began as a Felid Enchanter on Nov 23, 2016.
             Succumbed to kobold's curare-tipped needle
             ... in a sewer.
             The game lasted 00:10:30 (4384 turns).

mopl the Sneak (Felid Enchanter)                    Turns: 4384, Time: 00:10:30

Health: -1/27      AC: 22    Str:  4    XL:     4   Next: 86%
Magic:  8/8        EV:  4    Int: 17    God:
Gold:   176        SH:  0    Dex: 17    Spells: 1/7 levels left
                                        Lives:  0   Deaths: 1

rFire  . . .     SeeInvis +       - Unarmed
rCold  . . .     Gourm    .     (armour unavailable)
rNeg   + + +     Faith    .     (shield unavailable)
rPois  +         Spirit   .     (helmet unavailable)
rElec  .         Reflect  .     (cloak unavailable)
rCorr  .         Harm     .     (gloves unavailable)
MR     .....     NoTele   +     (boots unavailable)
Stlth  +++.......               (no amulet)
                                (no ring)
                                (no ring)

@: lethally poisoned (-1 -> -32), tree-form, slowed, very slow
A: no armour, no weapons or thrown items, stealth, (claws 0), (fangs 0), see
invisible, carnivore 3, (speed 0), (shaggy fur 0), slow metabolism 1, (sharp
paws)
a: no special abilities


You were in a sewer.
You were not hungry.
You were a tree.
You visited 1 branch of the dungeon, and saw 3 of its levels.
You also visited: Sewer.

You collected 176 gold pieces.

Inventory:

Scrolls
 d - a scroll of random uselessness
 f - a scroll of enchant armour {unknown}
 i - a scroll of recharging
 j - a scroll of magic mapping {unknown}
 l - a scroll of remove curse {unknown}
 m - a scroll of amnesia
Potions
 c - 2 potions of lignification {!q}
 e - a potion of degeneration
 o - a potion of might {unknown}
Books
 a - a book of Maledictions

   Spells                             Type                      Level
   a - Corona                         Hexes                        1
   b - Ensorcelled Hibernation        Hexes/Ice                    2
   c - Confuse                        Hexes                        3
   d - Tukima's Dance                 Hexes                        3
   e - Dazzling Spray                 Conjuration/Hexes            3
Comestibles
 b - 2 meat rations
 k - a royal jelly


   Skills:
 - Level 2.6 Dodging
 * Level 6.2 Stealth
 * Level 2.9 Unarmed Combat
 + Level 2.4 Spellcasting
 * Level 5.9 Hexes
 + Level 1.6 Ice Magic


You had one spell level left.
You knew the following spells:

 Your Spells              Type           Power        Failure   Level  Hunger
a - Corona                Hex            ###....      1%          1    #......
b - Ensorcelled Hibernat  Hex/Ice        ###...       10%         2    ##.....
c - Confuse               Hex            ###.....     6%          3    ###....


Dungeon Overview and Level Annotations

Branches:
Dungeon (3/15)

Altars:
Uskayaw
Zin

Annotations:
Sewer Grinder; murphy's ghost, amateur MiBe


Innate Abilities, Weirdness & Mutations

You cannot wear armour.
You are incapable of wielding weapons or throwing items.
Your paws allow you to move quietly. (Stealth)
((You have sharp claws.))
((You have razor-sharp teeth.))
You have supernaturally acute eyesight. (SInv)
You are carnivorous and can eat meat at any time.
((You cover ground quickly.))
((You are covered in fur. (AC +1)))
You have a slow metabolism.
((Your sharp claws are effective at attacking unaware monsters.))


Message History

You are lethally poisoned!
You have difficulty breathing.
You feel yourself slow down.
The kobold shoots a poisoned needle.
The poisoned needle completely misses you.
You hear a splash.
A quasit comes into view.
You see here a curare-tipped needle.
You feel sick.
The quasit moves out of view.
The kobold shoots a curare-tipped needle.
The curare-tipped needle hits you.
You are more poisoned.
You have difficulty breathing.
* * * LOW HITPOINT WARNING * * *
You feel as though you will be slow longer.
The kobold shoots a poisoned needle.
The poisoned needle barely misses you.
Things that are here:
a poisoned needle; a curare-tipped needle It was a potion of lignification.
You turn into a tree.
Your roots penetrate the ground.
You die...

≈≈≈#...#≈≈≈≈≈≈#.≈.#
≈≈≈..5...≈≈.K≈≈)(.≈#
....#≈≈.#....(.#(≈≈#
#######≈#######Z##.##
......#≈≈≈#(.....#≈.≈#
≈≈≈≈..#≈≈≈#÷.≈≈≈≈#≈≈.#
≈≈≈≈≈..K≈(K.≈≈≈≈≈#≈≈≈#
≈≈≈≈≈≈#≈.(#K≈≈≈≈≈#≈≈≈#
≈≈≈≈≈≈#♣≈(≈≈≈≈≈W≈#≈≈Z#
≈≈≈≈≈≈#(≈.#≈≈≈≈≈≈#≈≈≈#
≈≈≈≈≈≈≈(≈.#≈≈≈≈≈≈#≈≈≈#
≈≈≈≈≈≈#.≈.#≈≈≈≈≈≈#≈≈≈#
#≈≈≈#≈≈≈≈≈≈#.≈.≈≈≈≈≈≈≈#≈≈≈#
#≈≈≈#≈≈≈≈≈≈≈.≈.≈≈≈≈≈≈≈#≈≈≈#
#≈≈≈#≈≈≈≈≈≈#.≈(#≈≈≈≈≈≈#≈≈≈#
#≈≈≈#≈≈≈≈≈≈#.≈.≈≈≈≈≈≈≈#≈≈≈#
#≈≈≈#≈≈≈≈≈≈≈.≈)#≈≈≈≈≈≈#≈≈≈#


You could see 3 kobolds.

Vanquished Creatures
  A big kobold (Sewer)
  2 big kobold zombies (Sewer)
  2 gnolls (D:2)
  2 adders (D:2)
  A shadow imp (Sewer)
  An ooze (Sewer)
  3 dart slugs
  5 leopard geckos
  A ball python (D:1)
  12 giant cockroaches
  5 hobgoblins
  3 quokkas (D:2)
  13 bats
  4 frilled lizards
  A giant cockroach zombie (Sewer)
  6 goblins
  15 kobolds
  8 rats
85 creatures vanquished.

Vanquished Creatures (others)
  A big kobold zombie (Sewer)
  A plant (D:2)
2 creatures vanquished.

Grand Total: 87 creatures vanquished

Notes
Turn   | Place    | Note
-------+----------+-------------------------------------------
     0 | D:1      | mopl the Felid Enchanter began the quest for the Orb.
     0 | D:1      | Reached XP level 1. HP: 7/7 MP: 4/4
   369 | D:1      | Reached XP level 2. HP: 2/11 MP: 3/6
   654 | D:1      | Learned a level 2 spell: Ensorcelled Hibernation
  1177 | D:1      | Reached skill level 2 in Unarmed Combat
  1385 | D:2      | Reached XP level 3. HP: 14/14 MP: 2/7
  1390 | D:2      | Learned a level 3 spell: Confuse
  1518 | D:2      | Found a hide-covered altar of Uskayaw.
  1965 | D:2      | Reached skill level 5 in Hexes
  2387 | D:2      | Reached skill level 5 in Stealth
  2442 | D:2      | Found a glowing silver altar of Zin.
  2442 | D:2      | Noticed an angel
  2541 | D:2      | Reached XP level 4. HP: 18/18 MP: 8/8
  2762 | D:2      | Reached skill level 1 in Ice Magic
  3403 | D:3      | Found a glowing drain.
  3469 | Sewer    | Entered a sewer
  3540 | Sewer    | Reached XP level 5. HP: 11/21 MP: 5/9
  3994 | Sewer    | Found a burning altar of Makhleb.
  3996 | Sewer    | Noticed murphy's ghost (amateur MiBe)
  4047 | Sewer    | Reached skill level 6 in Stealth
  4077 | Sewer    | Noticed Grinder
  4345 | Sewer    | Slain by murphy's ghost
  4346 | Sewer    | Reached XP level 4. HP: -3/18 MP: 7/8
  4384 | Sewer    | Succumbed to kobold's curare-tipped needle

Vault maps used:
D:1:      lightli_molten_gateway
D:2:      wad_woods_stonehenge, zin_angel
D:3:      gup_sewer_entry_pipe, serial_corexii_hall, corexii_hall_statues_x,
          corexii_hall_statues_t, corexii_hall_statues_u, lemuel_statue_altar
Sewer:    kennysheep_sewer_church

Skill      XL: |  1  2  3  4  5 |
---------------+----------------+-----
Unarmed Combat | 2 |  2.9
Hexes          | 5 |  5.9
Stealth        | 5 6 |  6.2
Ice Magic      | 1 |  1.6
Dodging        | |  2.6
Spellcasting   | |  2.4

Action                   |  1- 3 |  4- 6 || total
-------------------------+-------+-------++-------
Melee: Unarmed           |   102 |   110 ||   212
       Bite              |     9 |     9 ||    18
       Punch             |       |     1 ||     1
 Cast: Corona            |     4 |       ||     4
       Ensorcelled Hiber |    21 |    22 ||    43
       Confuse           |       |    10 ||    10
  Use: Potion            |       |     2 ||     2
       Scroll            |       |     5 ||     5
 Stab: Sleeping          |    26 |    13 ||    39
       Confused          |       |     4 ||     4
  Eat: Chunk             |    12 |     5 ||    17
Armor: Skin              |     9 |     8 ||    17
Dodge: Dodged            |    95 |   112 ||   207
